APL (24 & UNDER)
KENOSHA KINGFISH @ PENSACOLA PILOTS
07/06/2025
 
TOP OF THE 1ST
Kenosha Kingfish batting - Pitching for Pensacola Pilots : RHP Pedro Orozco
Pitching: RHP Pedro Orozco
Batting: LHB Richard Brooks 0-0: SINGLE (Popup, 56D)
Batting: SHB Devin Smith 0-0: Ball
Richard Brooks is caught stealing 2nd base
1-0: Ground out 1-3 (Groundball, 13S)
Batting: LHB Poto Vasilini 0-0: Swinging Strike
0-1: Ball
1-1: Ball
2-1: Fly out, F8 (Flyball, 78M)
Top of the 1st over - 0 run(s), 1 hit(s), 0 error(s), 0 left on base; Kenosha 0 - Pensacola 0
BOTTOM OF THE 1ST
Pensacola Pilots batting - Pitching for Kenosha Kingfish : RHP Sid Allen
Pitching: RHP Sid Allen
Batting: LHB Mark Folger 0-0: Foul Ball, location: 2F
0-1: Foul Ball, location: 2F
0-2: Ground out U3 (Groundball, 3)
Batting: RHB Jaime Spiridon 0-0: Ball
1-0: Called Strike
1-1: Swinging Strike
1-2: Ball
2-2: SINGLE (Groundball, 6MD)
Batting: LHB Chris Austin 0-0: Ball
1-0: Foul Ball, location: 2F
1-1: Foul Ball, location: 2F
1-2: DOUBLE (Line Drive, 78M)
Jaime Spiridon to third
Batting: LHB Ken Nelson 0-0: Called Strike
0-1: Swinging Strike
0-2: Fly out, F8 (Flyball, 8LM)
Runner from 3rd tags up, SCORES, no throw
Batting: LHB Alan McGilroy 0-0: Foul Ball, location: 2F
0-1: Foul Ball, location: 2F
0-2: Strikes out swinging
Bottom of the 1st over - 1 run(s), 2 hit(s), 0 error(s), 1 left on base; Kenosha 0 - Pensacola 1
TOP OF THE 2ND
Kenosha Kingfish batting - Pitching for Pensacola Pilots : RHP Pedro Orozco
Batting: RHB Tim Davis 0-0: Ball
1-0: Called Strike
1-1: Ground out 4-3 (Groundball, 4M)
Batting: RHB Francisco Martínez 0-0: Ball
1-0: Called Strike
1-1: Foul Ball, location: 2F
1-2: Foul Ball, location: 2F
1-2: Ball
2-2: Fly out, F7 (Flyball, 78M)
Batting: RHB Matt Rodríguez 0-0: Ball
1-0: Ball
2-0: Ground out 6-3 (Groundball, 6)
Top of the 2nd over - 0 run(s), 0 hit(s), 0 error(s), 0 left on base; Kenosha 0 - Pensacola 1
BOTTOM OF THE 2ND
Pensacola Pilots batting - Pitching for Kenosha Kingfish : RHP Sid Allen
Batting: RHB Lorenzo Mota 0-0: Called Strike
0-1: Ball
1-1: Ball
2-1: Ball
3-1: Base on Balls
Batting: RHB Jonny Lord 0-0: Called Strike
0-1: Foul Ball, location: 2F
0-2: Strikes out looking
Batting: RHB David Crespo 0-0: Ball
Lorenzo Mota steals 2nd base
1-0: Ground out 6-3 (Groundball, 6)
Batting: RHB José Cordero 0-0: Fly out, F4 (Line Drive, 4)
Bottom of the 2nd over - 0 run(s), 0 hit(s), 0 error(s), 1 left on base; Kenosha 0 - Pensacola 1
TOP OF THE 3RD
Kenosha Kingfish batting - Pitching for Pensacola Pilots : RHP Pedro Orozco
Batting: LHB Tom Young 0-0: Ball
1-0: Ball
2-0: Ball
3-0: Base on Balls
Batting: RHB Manuel Gómez 0-0: Ball
1-0: Foul Ball, location: 2F
1-1: Ball
2-1: Grounds into double play, 5-4-3 (Groundball, 56)
Batting: RHB Doug Lutz 0-0: Called Strike
0-1: Ball
1-1: Ball
2-1: Called Strike
2-2: Strikes out swinging
Top of the 3rd over - 0 run(s), 0 hit(s), 0 error(s), 0 left on base; Kenosha 0 - Pensacola 1
BOTTOM OF THE 3RD
Pensacola Pilots batting - Pitching for Kenosha Kingfish : RHP Sid Allen
Batting: LHB Mark Folger 0-0: Ball
1-0: Called Strike
1-1: Foul Ball, location: 2F
1-2: Ball
2-2: Ball
3-2: Base on Balls
Batting: RHB Jaime Spiridon 0-0: Foul Ball, location: 2F
0-1: Ball
1-1: Ball
2-1: Called Strike
2-2: Ground out 6-3 (Groundball, 6MS)
Mark Folger to second
Batting: LHB Chris Austin 0-0: Fly out, F8 (Line Drive, 8LD)
Runner from 2nd tags up, SAFE at 3rd, no throw
Batting: LHB Ken Nelson 0-0: Called Strike
0-1: Foul Ball, location: 2F
0-2: Strikes out swinging
Bottom of the 3rd over - 0 run(s), 0 hit(s), 0 error(s), 1 left on base; Kenosha 0 - Pensacola 1
TOP OF THE 4TH
Kenosha Kingfish batting - Pitching for Pensacola Pilots : RHP Pedro Orozco
Batting: LHB Richard Brooks 0-0: Ball
1-0: Ball
2-0: Ball
3-0: Base on Balls
Batting: SHB Devin Smith 0-0: Ball
1-0: Swinging Strike
1-1: Foul Ball, location: 2F
1-2: Fielders Choice at 2nd, 5-4 (Groundball, 56)
Batting: LHB Poto Vasilini 0-0: Fly out, F9 (Flyball, 89M)
Batting: RHB Tim Davis 0-0: Called Strike
Devin Smith is caught stealing 2nd base
Top of the 4th over - 0 run(s), 0 hit(s), 0 error(s), 0 left on base; Kenosha 0 - Pensacola 1
BOTTOM OF THE 4TH
Pensacola Pilots batting - Pitching for Kenosha Kingfish : RHP Sid Allen
Batting: LHB Alan McGilroy 0-0: Swinging Strike
0-1: Ball
1-1: Called Strike
1-2: Ball
2-2: Ball
3-2: Base on Balls
Batting: RHB Lorenzo Mota 0-0: Called Strike
0-1: Ball
1-1: Ball
2-1: Swinging Strike
2-2: Ball
3-2: Strikes out looking
Batting: RHB Jonny Lord 0-0: Ball
1-0: Called Strike
1-1: Ball
2-1: Ball
3-1: Foul Ball, location: 2F
3-2: Base on Balls
Alan McGilroy to second
Batting: RHB David Crespo 0-0: Called Strike
0-1: Foul Ball, location: 2F
0-2: Strikes out swinging
Batting: RHB José Cordero 0-0: Called Strike
0-1: Ball
1-1: Swinging Strike
1-2: Ball
2-2: Foul Ball, location: 2F
2-2: Ball
3-2: Base on Balls
Alan McGilroy to third
Jonny Lord to second
Batting: LHB Mark Folger 0-0: Ball
1-0: Ball
2-0: Ground out 3-1 (Groundball, 3)
Bottom of the 4th over - 0 run(s), 0 hit(s), 0 error(s), 3 left on base; Kenosha 0 - Pensacola 1
TOP OF THE 5TH
Kenosha Kingfish batting - Pitching for Pensacola Pilots : RHP Pedro Orozco
Batting: RHB Tim Davis 0-0: Ball
1-0: Foul Ball, location: 2F
1-1: Called Strike
1-2: Ball
2-2: Foul Ball, location: 2F
2-2: Foul Ball, location: 2F
2-2: Strikes out looking
Batting: RHB Francisco Martínez 0-0: Ball
1-0: Called Strike
1-1: DOUBLE (Line Drive, 78M)
Batting: RHB Matt Rodríguez 0-0: Ball
1-0: Ball
2-0: Ball
3-0: Called Strike
3-1: Base on Balls
Batting: LHB Tom Young 0-0: Ball
1-0: Ball
2-0: Ball
3-0: Base on Balls
Francisco Martínez to third
Matt Rodríguez to second
Batting: RHB Manuel Gómez 0-0: Ball
1-0: Foul Ball, location: 2F
1-1: Called Strike
1-2: Strikes out swinging
Batting: RHB Doug Lutz 0-0: Fly out, F4 (Line Drive, 4)
Top of the 5th over - 0 run(s), 1 hit(s), 0 error(s), 3 left on base; Kenosha 0 - Pensacola 1
BOTTOM OF THE 5TH
Pensacola Pilots batting - Pitching for Kenosha Kingfish : RHP Sid Allen
Batting: RHB Jaime Spiridon 0-0: Called Strike
0-1: Swinging Strike
0-2: Strikes out swinging
Batting: LHB Chris Austin 0-0: Ball
1-0: Called Strike
1-1: Ground out 4-3 (Groundball, 4)
Batting: LHB Ken Nelson 0-0: Called Strike
0-1: Ball
1-1: Swinging Strike
1-2: Ground out 5-3 (Groundball, 5)
Bottom of the 5th over - 0 run(s), 0 hit(s), 0 error(s), 0 left on base; Kenosha 0 - Pensacola 1
TOP OF THE 6TH
Kenosha Kingfish batting - Pitching for Pensacola Pilots : RHP Pedro Orozco
Batting: LHB Richard Brooks 0-0: Ball
1-0: Ball
2-0: Ball
3-0: Base on Balls
Batting: SHB Devin Smith 0-0: Ball
1-0: Fielders Choice at 2nd, 4-6 (Groundball, 4M)
Batting: LHB Poto Vasilini 0-0: Ball
1-0: Fly out, F8 (Flyball, 8LM)
Batting: RHB Tim Davis 0-0: Ball
1-0: Fly out, F8 (Flyball, 8RD)
Top of the 6th over - 0 run(s), 0 hit(s), 0 error(s), 1 left on base; Kenosha 0 - Pensacola 1
BOTTOM OF THE 6TH
Pensacola Pilots batting - Pitching for Kenosha Kingfish : RHP Sid Allen
Pitching: RHP Brandon Malet
Batting: LHB Alan McGilroy 0-0: Foul Ball, location: 2F
0-1: Ball
1-1: Called Strike
1-2: Ground out U3 (Groundball, 3)
Batting: RHB Lorenzo Mota 0-0: Fly out, F8 (Flyball, 8LM)
Batting: RHB Jonny Lord 0-0: Ball
1-0: Foul Ball, location: 2F
1-1: Ground out 5-3 (Groundball, 5S)
Bottom of the 6th over - 0 run(s), 0 hit(s), 0 error(s), 0 left on base; Kenosha 0 - Pensacola 1
TOP OF THE 7TH
Kenosha Kingfish batting - Pitching for Pensacola Pilots : RHP Pedro Orozco
Batting: RHB Francisco Martínez 0-0: Ball
1-0: Called Strike
1-1: Ball
2-1: Foul Ball, location: 2F
2-2: Ball
3-2: Strikes out looking
Batting: RHB Matt Rodríguez 0-0: Ball
1-0: Called Strike
1-1: Foul Ball, location: 2F
1-2: Strikes out swinging
Batting: LHB Tom Young 0-0: Foul Ball, location: 2F
0-1: Ball
1-1: Called Strike
1-2: Strikes out looking
Top of the 7th over - 0 run(s), 0 hit(s), 0 error(s), 0 left on base; Kenosha 0 - Pensacola 1
BOTTOM OF THE 7TH
Pensacola Pilots batting - Pitching for Kenosha Kingfish : RHP Brandon Malet
Batting: RHB David Crespo 0-0: Called Strike
0-1: Ball
1-1: Called Strike
1-2: Strikes out swinging
Batting: RHB José Cordero 0-0: Ball
1-0: Called Strike
1-1: Ball
2-1: Swinging Strike
2-2: Strikes out swinging
Batting: LHB Mark Folger 0-0: Fly out, F8 (Flyball, 8RD)
Bottom of the 7th over - 0 run(s), 0 hit(s), 0 error(s), 0 left on base; Kenosha 0 - Pensacola 1
TOP OF THE 8TH
Kenosha Kingfish batting - Pitching for Pensacola Pilots : RHP Pedro Orozco
Batting: RHB Manuel Gómez 0-0: Fly out, F4 (Popup, 34D)
Batting: RHB Doug Lutz 0-0: Ball
1-0: Fly out, F7 (Flyball, 7M)
Batting: LHB Richard Brooks 0-0: Ball
1-0: Called Strike
1-1: Called Strike
1-2: Ball
2-2: Ground out 4-3 (Groundball, 34)
Top of the 8th over - 0 run(s), 0 hit(s), 0 error(s), 0 left on base; Kenosha 0 - Pensacola 1
BOTTOM OF THE 8TH
Pensacola Pilots batting - Pitching for Kenosha Kingfish : RHP Brandon Malet
Pitching: RHP Jesús Martínez
Batting: RHB Jaime Spiridon 0-0: Ball
1-0: Called Strike
1-1: Ground out 1-3 (Groundball, 15)
Batting: LHB Chris Austin 0-0: Foul Ball, location: 2F
0-1: Foul Ball, location: 2F
0-2: Ball
1-2: Ball
2-2: Strikes out looking
Batting: LHB Ken Nelson 0-0: Ball
1-0: Called Strike
1-1: Foul Ball, location: 2F
1-2: Ball
2-2: Strikes out swinging
Bottom of the 8th over - 0 run(s), 0 hit(s), 0 error(s), 0 left on base; Kenosha 0 - Pensacola 1
TOP OF THE 9TH
Kenosha Kingfish batting - Pitching for Pensacola Pilots : RHP Pedro Orozco
Pinch Hitting: SHB Júlio Valentín 0-0: Ball
1-0: Ball
2-0: Ball
3-0: Called Strike
3-1: Fly out, F8 (Flyball, 8RM)
Batting: LHB Poto Vasilini 0-0: Foul Ball, location: 2F
0-1: Ball
1-1: Ball
2-1: Ground out 4-3 (Groundball, 4)
Batting: RHB Tim Davis 0-0: Called Strike
0-1: Ball
1-1: Fly out, F7 (Line Drive, 7M)
Top of the 9th over - 0 run(s), 0 hit(s), 0 error(s), 0 left on base; Kenosha 0 - Pensacola 1
This league is powered by Out of the Park Baseball, the baseball management simulation game for PC, Mac and Linux
Tuesday, August 2nd, 2016 - OOTP Baseball 16.8 Build 38